 Dungeon Crawl Stone Soup version 0.17-a0-1248-g117de50 (webtiles) character file.

181 Zwobot the Slasher (level 5, -6/54 HPs)
             Began as an Octopode Skald on June 5, 2015.
             Was an Initiate of Kikubaaqudgha.
             Mangled by an ogre
             ... wielding a +0 giant club
              (21 damage)
             ... on level 4 of the Dungeon.
             The game lasted 00:19:12 (4250 turns).

Zwobot the Slasher (Octopode Skald)                 Turns: 4250, Time: 00:19:12

Health: -6/54      AC: 22    Str: 11    XL:     5   Next: 61%
Magic:  4/8        EV:  2    Int: 19    God:    Kikubaaqudgha [......]
Gold:   155        SH:  0    Dex: 13    Spells: 2 memorised, 3 levels left

rFire  . . .     SeeInvis .     a - +0 falchion
rCold  . . .     Clarity  .     (no shield)
rNeg   + + +     SustAt   .     (helmet currently unavailable)
rPois  +         Gourm    .     (no amulet)
rElec  .         Spirit   .     (no ring)
rCorr  .         Warding  .     (no ring)
rMut   .         NoTele   +     (no ring)
MR     .....                    (no ring)
Stlth  +.........               (no ring)
                                (no ring)
                                (no ring)
                                (no ring)

@: confused, brilliant, tree-form, glowing, not resistant to hostile
enchantments, very unstealthy
A: almost no armour, amphibious, 8 rings, (constrict 8), (camouflage 0),
(gelatinous body 0)
a: Renounce Religion


You were on level 4 of the Dungeon.
You worshipped Kikubaaqudgha.
Kikubaaqudgha was noncommittal.
You were not hungry.
You were a tree.
You visited 1 branch of the dungeon, and saw 4 of its levels.

You collected 155 gold pieces.

Inventory:

Hand weapons
 a - a +0 falchion (weapon)
 b - a +0 dagger
 j - a +0 hunting sling
 k - a +0 whip of venom
 o - a +0 hunting sling
Missiles
 d - 144 stones (quivered)
 q - 15 sling bullets
Armour
 n - a +0 shield
Scrolls
 i - a scroll of immolation {unknown}
 m - 2 scrolls of enchant weapon {unknown}
 s - 2 scrolls of random uselessness {unknown}
 u - a scroll of amnesia
 x - 2 scrolls of teleportation {unknown}
 z - a scroll of recharging {unknown}
 A - a scroll of enchant armour {unknown}
Potions
 e - a potion of resistance
 h - 2 potions of lignification
 l - a potion of flight {unknown}
 p - a potion of mutation {unknown}
 v - a potion of heal wounds {unknown}
 w - 2 potions of degeneration
 B - a potion of poison {unknown}
 D - a potion of might {unknown}
 F - 2 potions of magic {unknown}
Books
 f - a book of Battle

   Spells                             Type                      Level
   a - Infusion                       Charms                       1
   b - Shroud of Golubria             Charms/Translocation         2
   c - Song of Slaying                Charms                       2
   d - Spectral Weapon                Hexes/Charms                 3
   e - Regeneration                   Charms/Necromancy            3
 y - Jessica's Almanac of the Voyage
   (You found it on level 2 of the Dungeon)

   Spells                             Type                      Level
   a - Apportation                    Translocation                1
Comestibles
 c - 4 bread rations
 t - 2 fruits
 C - a slice of pizza


   Skills:
 + Level 3.2 Fighting
 * Level 4.1 Long Blades
 + Level 3.0 Dodging
 - Level 2.0 Spellcasting
 - Level 3.0 Charms


You had 3 spell levels left.
You knew the following spells:

 Your Spells              Type           Power        Failure   Level  Hunger
b - Shroud of Golubria    Chrm/Tloc      ###.......   1%          2    ###....
c - Spectral Weapon       Hex/Chrm       ###.....     3%          3    ###....


Dungeon Overview and Level Annotations

Branches:
Dungeon (4/15)
 Temple: D:4-7

Altars:
Kikubaaqudgha
Makhleb
Sif Muna
Yredelemnul
The Shining One

Annotations:
D:4 Vivisectus's ghost, average SpEn


Innate Abilities, Weirdness & Mutations

You cannot wear most types of armour.
You are amphibious.
You can wear up to eight rings at the same time.
((You can use your tentacles to constrict eight enemies at once.))
((Your skin changes colour to match your surroundings (Stealth).))
((Your rubbery body absorbs attacks (AC +1).))


Message History

You feel less confused.
Vivisectus's ghost gestures at you while chanting.
You are confused.
The ogre completely misses you.
Vivisectus's ghost casts a spell at you.
You are more confused.
You're too confused to cast spells.
There isn't anything here!
You closely miss Vivisectus's ghost. The ogre hits you with a giant club.
* * * LOW HITPOINT WARNING * * *
Vivisectus's ghost hits you but does no damage.
You swing at nothing.
Vivisectus's ghost barely misses you.
You barely miss the ogre.
The ogre is moderately wounded.
The ogre hits you with a giant club.
* * * LOW HITPOINT WARNING * * *
Vivisectus's ghost hits you but does no damage.
You swing at nothing.
The ogre hits you with a giant club!!
You die...
Kikubaaqudgha rasps: "You have failed me!
Welcome... death!"

#.?.. ....#.
...... #......
....... ##.......
.. #........ ....
##W.......
#....####♣O#......
.......<..#.###..
#.....#...#.#
#.?.#.[.....#
#...#.......#...
#...#.#........#
#..............
###...###........
#.....# ##.......


You could see an ogre and Vivisectus's ghost.

Vanquished Creatures
  Jessica (D:2)
  A worker ant (D:3)
  A worker ant zombie (D:2)
  4 adders
  An ooze (D:3)
  A worm (D:2)
  2 giant geckos (D:2)
  3 orcs (D:3)
  A ball python (D:1)
  6 giant cockroaches
  9 goblins
  4 hobgoblins
  2 quokkas (D:2)
  11 bats
  5 giant newts
  12 kobolds
  11 rats
75 creatures vanquished.

Vanquished Creatures (others)
  A spectral weapon (D:4)
1 creature vanquished.

Grand Total: 76 creatures vanquished

Notes
Turn   | Place    | Note
--------------------------------------------------------------
     0 | D:1      | Zwobot the Octopode Skald began the quest for the Orb.
     0 | D:1      | Reached XP level 1. HP: 14/14 MP: 3/3
   437 | D:1      | Reached XP level 2. HP: 17/19 MP: 5/5
  1329 | D:1      | Reached XP level 3. HP: 25/25 MP: 6/6
  1336 | D:1      | Learned a level 2 spell: Shroud of Golubria
  1340 | D:1      | Learned a level 3 spell: Spectral Weapon
  1893 | D:2      | Reached XP level 4. HP: 26/30 MP: 1/7
  1977 | D:2      | Found an ancient bone altar of Kikubaaqudgha.
  2329 | D:2      | Noticed Jessica
  2336 | D:2      | Killed Jessica
  2349 | D:2      | Identified Jessica's Almanac of the Voyage
  2543 | D:2      | Found a glowing golden altar of the Shining One.
  2544 | D:2      | Found a deep blue altar of Sif Muna.
  2575 | D:2      | Reached XP level 5. HP: 36/36 MP: 4/8
  2627 | D:2      | Became a worshipper of Kikubaaqudgha
  3053 | D:3      | Found a basalt altar of Yredelemnul.
  3104 | D:3      | Reached skill level 4 in Long Blades
  4055 | D:3      | Found a burning altar of Makhleb.
  4146 | D:4      | Noticed Vivisectus's ghost (average SpEn)
  4230 | D:4      | Noticed an ogre
  4250 | D:4      | Mangled by an ogre

Vault maps used:
D:1:      saegor_arrival_simple_d, hex_medium
D:2:      gammafunk_temple_overflow_statue, kiku_gazebo_garden_becter,
          first_bread, kennysheep_jessica_study
D:3:      lightli_temple_of_fire, nicolae_overflow_hidden_temple,
          kennysheep_generic_room_13
D:4:      nicolae_qazlal_general_emergency, minmay_temple_entry_enclosed_plants,
          kennysheep_decorative_pillar, nemelex_dance_club_becter

Action                   |  1- 3 |  4- 6 || total
-------------------------+-------+-------++-------
Melee: Falchion          |    62 |    84 ||   146
Throw: Stone             |     3 |    20 ||    23
 Cast: Infusion          |     3 |       ||     3
       Shroud of Golubri |     7 |    21 ||    28
       Spectral Weapon   |     2 |     7 ||     9
  Use: Scroll            |       |     6 ||     6
       Potion            |       |     4 ||     4
 Stab: Sleeping          |     5 |     2 ||     7
  Eat: Chunk             |     4 |     9 ||    13
       Beef jerky        |       |     1 ||     1
